 Dungeon Sprint DCSS version 0.30.1-4-g462c640d31 (webtiles) character file.

Game seed: 15618563778728603677

28444 Heoruswealwe the Ninja (level 13, -6/70 HPs)
             Began as a Spriggan Artificer on Aug 29, 2023.
             Was an Initiate of Gozag.
             Killed by an exploding ball lightning (17 damage)
             ... in the Dungeon (Sprint I: "Red Sonja").
             The game lasted 01:00:07 (3406 turns).

Heoruswealwe the Ninja (Spriggan Artificer)         Turns: 3406, Time: 01:00:08

Health: -6/70      AC:  4    Str:  8    XL:     13   Next: 9%
Magic:  14/14      EV: 43    Int: 12    God:    Gozag
Gold:   434        SH:  0    Dex: 21    Spells: 12/12 levels left

rFire   + + +        A - +1 short sword "Cuwny" {flame, *Slow rElec rF+++ rCorr}
rCold   + . .        (no shield)
rNeg    + . .        r - +2 robe {rN+}
rPois   .            (helmet restricted)
rElec   +            (no cloak)
rCorr   +            (gloves unavailable)
SInv    +            (boots unavailable)
Will    ++...        (no amulet)
Stlth   ++++++++++   B - +5 ring of evasion
HPRegen 0.31/turn    j - ring "Tonaisen" {Fly rC+ rCorr}
MPRegen 0.14/turn

%: no teleportation, slow self (1%)
@: lethally poisoned (-6 -> -40), flying, hasted and slowed, very quick
A: very small, no large weapons, unfitting armour, see invisible, speed 3
a: Renounce Religion, Potion Petition, Call Merchant, Bribe Branch


You were in the Dungeon.
You worshipped Gozag.
Gozag was aware of your devotion.
You visited 1 branch You collected 13947 gold pieces.
You spent 6941 gold pieces at shops.
You donated 36 gold pieces to Zin.
You paid 6536 gold pieces to Gozag.

Inventory:

Hand Weapons
 a - the +5 dagger of Poverty {flame, Will+ rCorr Str-4 Dex+7}
   (You bought it in a shop in the Dungeon)

   Str:       It affects your strength (-4).
   Dex:       It affects your dexterity (+7).
   rCorr:     It protects you from acid and corrosion.
   Will:      It increases your willpower.
 A - the +1 short sword "Cuwny" (weapon) {flame, *Slow rElec rF+++ rCorr}
   (You found it in the Dungeon)

   rF:        It renders you almost immune to fire.
   rElec:     It insulates you from electricity.
   rCorr:     It protects you from acid and corrosion.
   *Slow:     It may slow you when you take damage.
Armour
 c - a +0 robe
 r - a +2 robe of positive energy (worn)
Jewellery
 f - the ring "Coteef" {rPois rC- MP+9 Int+3}
   (You found it in the Dungeon)

   [ring of magical power]

   Int:       It affects your intelligence (+3).
   rC:        It makes you vulnerable to cold.
   rPois:     It protects you from poison.
   MP:        It affects your magic capacity (+9).
 j - the ring "Tonaisen" (right hand) {Fly rC+ rCorr}
   (You bought it in a shop in the Dungeon)

   [ring of flight]

   rC:        It protects you from cold.
   Fly:       It grants you flight.
   rCorr:     It protects you from acid and corrosion.
 k - a +6 ring of strength
 B - a +5 ring of evasion (left hand)
Wands
 b - a wand of flame (1) (quivered)
 d - a wand of charming (13)
 l - a wand of digging (9)
 q - a wand of mindburst (14)
Scrolls
 i - 2 scrolls of poison
 m - 5 scrolls of enchant weapon
 s - a scroll of enchant armour
 u - 2 scrolls of fog
 x - a scroll of immolation
 C - 6 scrolls of identify
Potions
 e - a potion of might
 n - a potion of cancellation
 o - a potion of mutation
 p - a potion of invisibility
 z - a potion of lignification
Miscellaneous
 g - a tin of tremorstones (2/2)
 t - a box of beasts
 v - a lightning rod (4/4)
 w - a phantom mirror
 y - a phial of floods


   Skills:
 + Level 9.3 Fighting
 + Level 11.9 Short Blades
 + Level 21.6 Dodging
 O Level 27 Stealth
 * Level 25.0 Evocations


You had 12 spell levels left.
You didn't know any spells.
Your spell library contained the following spells:

 Spells                   Type           Power      Damage    Failure   Level
 Summon Small Mammal      Summ           0%         N/A       32%         1
 Call Canine Familiar     Summ           0%         N/A       69%         3
 Summon Guardian Golem    Hex/Summ       0%         N/A       69%         3
 Orb of Destruction       Conj           0%         9d5       100%        7
 Spellforged Servitor     Conj/Summ      0%         N/A       100%        7


Dungeon Overview and Level Annotations

Branches:
Dungeon (1/1)

Altars:
Cheibriados
Dithmenos
Elyvilon
Fedhas
Gozag
Hepliaklqana
Kikubaaqudgha
Makhleb
Nemelex Xobeh
Okawaru
Qazlal
Ru
Sif Muna
Trog
Uskayaw
Vehumet
Wu Jian
Xom
Yredelemnul
Zin
The Shining One
Jiyva
Lugonu

Shops:
D *!*=***[[*:!(*((=!=(*=*[?**?

Annotations:
D Lom Lobon, Tiamat


Innate Abilities, Weirdness & Mutations

You are very small and have problems with some larger weapons.
You are too small for most types of armour.
You have supernaturally acute eyesight. (SInv)
You cover ground extremely quickly. (Speed+++)


Message History

[Y]es or [N]o only, please.
Really fly into a travel-excluded area? [Y]es or [N]o only, please.
Really fly into a travel-excluded area?
Okay, then.
Aiming: Dig
Press: ? - help, Shift-Dir - straight line A rock wall.
The rock shatters into small pieces.
There is an open door here.
Really fly into that net trap?
You avoid being caught in a net.
There is a net trap here.
Blink to where?
Press: ? - help, Dir - move target Really blink into a travel-excluded area?
As you read the scroll of blinking, it crumbles to dust.
You are engulfed in dark miasma.
You are poisoned.
You feel yourself slow down.
You feel very sick.
The helpless Lom Lobon fails to defend themself.
You skewer Lom Lobon like a kebab!!!!! You burn Lom Lobon!!
Lom Lobon is heavily wounded.
You are engulfed in dark miasma.
You are more poisoned.
You feel as though you will be slow longer.
You feel extremely sick.
You feel yourself speed up.
You are engulfed in dark miasma.
You are lethally poisoned!
* * * LOW HITPOINT WARNING * * *
You feel extremely sick.
Lom Lobon gestures. x2 6 ball lightnings come into view.
* * * LOW HITPOINT WARNING * * *
You feel very sick.
The ball lightning explodes!
The blast of lightning engulfs you! You resist.
You die...
Your body crumbles into a pile of gold.

##.##.#......○..#.###..#§.§..).§§
.+.####......°○.#.#.'..##.....§..
##§#..+......####'#.##'##..).§...
.#§#####...###....#^#~~~##.......
#+.#..[#####)..####.#~~~~##![).[.
####.....))).###..°.#~~~~~#######
##..=....#####○○°.####~~~~#~~~~~#
##......##○○○○○○..#..#'~~~'~~.~~+
#.....##○°○○○○○@°#...##~~#~~~~~#
##.....#.○○○*°°○..#....######'###
############°°&*..#....#~~≈≈≈≈≈≈≈
##≈≈≈≈d≈≈≈.#.^*^*^#######~~~~≈≈≈≈
###########..^^*.'=)#.|'..)~~~~~
#..0..+,,........#).'.)#........
#######*########################


You could see Lom Lobon and 5 ball lightnings.

Vanquished Creatures
  the Lernaean hydra (D)
  A golden dragon (D)
  A deep elf master archer (D)
  A daeva (D)
  A shadow dragon (D)
  4 fire giants (D)
  A deep elf annihilator (D)
  A lorocyproca (D)
  A mummy priest (D)
  A hydra (D)
  2 centaur warriors (D)
  Sonja (D)
  A deep troll (D)
  A lindwurm (D)
  8 shining eyes (D)
  2 oklob plants (D)
  2 merfolk sirens (D)
  3 demonic crawlers (D)
  2 gargoyles (D)
  7 unseen horrors (D)
  2 kobold demonologists (D)
  A hellwing (D)
  3 hornets (D)
  Sigmund (D)
  A slime creature (D)
  A yak (D)
  2 redbacks (D)
  13 hogs (D)
  7 floating eyes (D)
  An ogre (D)
  7 necrophages (D)
  8 jellies (D)
  Ijyb (D)
  A ballistomycete spore (D)
91 creatures vanquished.

Vanquished Creatures (collateral kills)
  A demonic crawler (D)
  A meliai (D)
  2 hornets (D)
4 creatures vanquished.

Vanquished Creatures (others)
  A ball lightning (D)
  A ballistomycete spore (D)
2 creatures vanquished.

Grand Total: 97 creatures vanquished

Notes
Turn   | Place    | Note
-------+----------+-------------------------------------------
     0 | D        | Heoruswealwe the Spriggan Artificer began the quest for the
                  | Orb.
     0 | D        | Reached XP level 1. HP: 9/9 MP: 2/2
     1 | D        | Noticed Ijyb
     7 | D        | Killed Ijyb
     8 | D        | Reached skill level 6 in Stealth
     8 | D        | Reached skill level 5 in Evocations
     8 | D        | Reached XP level 2. HP: 12/14 MP: 3/3
    33 | D        | Noticed an ogre
    39 | D        | Killed an ogre
    40 | D        | Reached skill level 10 in Stealth
    40 | D        | Reached XP level 3. HP: 17/17 MP: 4/4
    40 | D        | Reached XP level 4. HP: 21/21 MP: 5/5
    50 | D        | Noticed Sigmund
    53 | D        | Killed Sigmund
    54 | D        | Reached skill level 13 in Stealth
    54 | D        | Reached XP level 5. HP: 25/25 MP: 6/6
    54 | D        | Reached XP level 6. HP: 29/29 MP: 7/7
    66 | D        | Found an ornate altar of the Wu Jian Council.
    66 | D        | Found a shimmering blue altar of Sif Muna.
    68 | D        | Found a radiant altar of Vehumet.
   101 | D        | Found Utwuirch's Jewellery Emporium.
   101 | D        | Found an ancient bone altar of Kikubaaqudgha.
   101 | D        | Found a hazy altar of Hepliaklqana.
   101 | D        | Found a stormy altar of Qazlal.
   101 | D        | Found a hide-covered altar of Uskayaw.
   101 | D        | Found a blossoming altar of Fedhas.
   101 | D        | Found a bloodstained altar of Trog.
   101 | D        | Found an iron altar of Okawaru.
   101 | D        | Found a basalt altar of Yredelemnul.
   101 | D        | Found a glowing golden altar of the Shining One.
   101 | D        | Found a snail-covered altar of Cheibriados.
   101 | D        | Found a sacrificial altar of Ru.
   101 | D        | Found a glowing silver altar of Zin.
   101 | D        | Found a shadowy altar of Dithmenos.
   101 | D        | Found a white marble altar of Elyvilon.
   101 | D        | Noticed a yak
   102 | D        | Found an opulent altar of Gozag.
   103 | D        | Killed a yak
   104 | D        | Reached skill level 10 in Dodging
   104 | D        | Reached skill level 15 in Stealth
   104 | D        | Reached skill level 10 in Evocations
   104 | D        | Found a sparkling altar of Nemelex Xobeh.
   109 | D        | Became a worshipper of Zin the Law-Giver
   109 | D        | Reached * piety under Zin
   109 | D        | Reached ** piety under Zin
   109 | D        | Reached *** piety under Zin
   109 | D        | Reached **** piety under Zin
   109 | D        | Reached ***** piety under Zin
   109 | D        | Reached ****** piety under Zin
   118 | D        | Noticed Sonja
   122 | D        | Killed Sonja
   123 | D        | Reached skill level 18 in Stealth
   123 | D        | Reached XP level 7. HP: 32/32 MP: 8/8
   144 | D        | Found Asioxom's General Store.
   154 | D        | Noticed a shining eye
   154 | D        | Noticed a shining eye
   154 | D        | Noticed a shining eye
   154 | D        | Noticed a shining eye
   154 | D        | Noticed a shining eye
   154 | D        | Noticed a shining eye
   157 | D        | Reached XP level 8. HP: 37/37 MP: 9/9
   157 | D        | Noticed a shining eye
   157 | D        | Noticed a shining eye
   160 | D        | Reached skill level 19 in Stealth
   162 | D        | Paralysed by a floating eye for 2 turns
   170 | D        | Killed a shining eye
   171 | D        | Reached skill level 20 in Stealth
   179 | D        | Killed a shining eye
   180 | D        | Reached skill level 21 in Stealth
   180 | D        | Reached XP level 9. HP: 40/40 MP: 10/10
   180 | D        | Killed a shining eye
   181 | D        | Reached skill level 22 in Stealth
   200 | D        | Killed a shining eye
   217 | D        | Killed a shining eye
   218 | D        | Reached skill level 23 in Stealth
   218 | D        | Reached skill level 15 in Evocations
   218 | D        | Killed a shining eye
   219 | D        | Reached skill level 15 in Dodging
   222 | D        | Killed a shining eye
   222 | D        | Killed a shining eye
   223 | D        | Reached skill level 24 in Stealth
   223 | D        | Reached XP level 10. HP: 44/44 MP: 11/11
   241 | D        | Fell from the grace of Zin
   241 | D        | Became a worshipper of Gozag Ym Sagoz the Greedy
   265 | D        | Found Zegokhumm's Distillery.
   265 | D        | Found Aniguwn's General Store.
   265 | D        | Found Podgh's Assorted Antiques.
   265 | D        | Found Naanwesodigh's Assorted Antiques.
   271 | D        | Bought a white potion for 25 gold pieces
   271 | D        | Bought a scroll labelled UZYCUANEIS for 28 gold pieces
   271 | D        | Bought an emerald potion for 25 gold pieces
   271 | D        | Bought a fuming cyan potion for 25 gold pieces
   271 | D        | Bought 2 fuming dark potions for 50 gold pieces
   278 | D        | Bought an encrusted dagger for 203 gold pieces
   278 | D        | Identified the +5 dagger of Poverty {flame, Will+ rCorr
                  | Str-4 Dex+7} (You bought it in a shop in the Dungeon)
   278 | D        | Bought a scroll labelled UZYCUANEIS for 29 gold pieces
   398 | D        | Noticed a deep troll
   402 | D        | Killed a deep troll
   403 | D        | Reached skill level 25 in Stealth
   419 | D        | Found Gypol's Armour Emporium.
   442 | D        | Noticed a centaur warrior
   443 | D        | Noticed a centaur warrior
   446 | D        | Killed a centaur warrior
   448 | D        | Killed a centaur warrior
   449 | D        | Reached skill level 26 in Stealth
   491 | D        | Noticed an oklob plant
   493 | D        | Killed an oklob plant
   517 | D        | Reached skill level 27 in Stealth
   541 | D        | Reached skill level 1 in Fighting
   541 | D        | Reached skill level 1 in Short Blades
   629 | D        | Reached XP level 11. HP: 50/50 MP: 12/12
   660 | D        | Found Urig's Antique Armour Shoppe.
   661 | D        | Found Utzek's Armour Boutique.
   716 | D        | Found Ner Sic's Assorted Antiques.
   749 | D        | Found Docif's General Store.
   749 | D        | Found Qaysist's Book Shop.
   749 | D        | Found Hewkeja's Distillery.
   749 | D        | Found Sichil's General Store.
   749 | D        | Found Huorghiex's Weapon Emporium.
   749 | D        | Found Vustaq's Distillery.
   749 | D        | Found Punojat's Antique Weapon Shoppe.
   757 | D        | Found Imuaham's Jewellery Boutique.
   757 | D        | Found Sowof's Magic Scroll Emporium.
   757 | D        | Found Fohyakye's General Store.
   759 | D        | Found Juhirrur's Assorted Antiques.
   763 | D        | Bought a wand of digging (6) for 352 gold pieces
   764 | D        | Bought a box of beasts for 760 gold pieces
   764 | D        | Bought a scroll labelled QEEQUBB FUHU for 19 gold pieces
   764 | D        | Bought a lightning rod (4/4) for 570 gold pieces
   764 | D        | Bought a fuming blue potion for 17 gold pieces
   764 | D        | Bought a scroll labelled GEGROR XADGHUME for 19 gold pieces
   764 | D        | Bought a scroll labelled UZYCUANEIS for 19 gold pieces
   774 | D        | Bought a scroll labelled GEGROR XADGHUME for 26 gold pieces
   774 | D        | Bought a scroll labelled EPHAIB LOQU for 26 gold pieces
   774 | D        | Bought a scroll labelled QEEQUBB FUHU for 26 gold pieces
   804 | D        | Bought a scroll of acquirement for 728 gold pieces
   806 | D        | Acquired 1120 gold pieces
   810 | D        | Bought a phial of floods for 560 gold pieces
   810 | D        | Bought a scroll of identify for 28 gold pieces
   847 | D        | Bought a scroll of identify for 24 gold pieces
   847 | D        | Bought a scroll of identify for 24 gold pieces
   849 | D        | Bought a scroll of magic mapping for 90 gold pieces
   869 | D        | Bought a scroll of identify for 26 gold pieces
   869 | D        | Bought a scroll of identify for 26 gold pieces
   899 | D        | Found a burning altar of Makhleb.
   899 | D        | Found a viscous altar of Jiyva.
   899 | D        | Found a shimmering altar of Xom.
   899 | D        | Found a corrupted altar of Lugonu.
   980 | D        | Reached skill level 5 in Short Blades
  1021 | D        | Noticed a lorocyproca
  1038 | D        | Killed a lorocyproca
  1431 | D        | Noticed a lindwurm
  1435 | D        | Killed a lindwurm
  1448 | D        | Reached skill level 5 in Fighting
  1568 | D        | Noticed a 12-headed hydra
  1570 | D        | Killed a 12-headed hydra
  1673 | D        | Bought a potion of heal wounds for 70 gold pieces
  1673 | D        | Bought a scroll of enchant weapon for 105 gold pieces
  1673 | D        | Bought a potion of might for 56 gold pieces
  1688 | D        | Bought a potion of heal wounds for 140 gold pieces
  1695 | D        | Bought 2 potions of curing for 174 gold pieces
  1695 | D        | Bought a potion of haste for 290 gold pieces
  1695 | D        | Bought a potion of curing for 87 gold pieces
  1697 | D        | Bought a potion of heal wounds for 70 gold pieces
  1733 | D        | Bought a potion of curing for 42 gold pieces
  1743 | D        | Bought an embroidered robe for 118 gold pieces
  1744 | D        | Bought a potion of heal wounds for 130 gold pieces
  1806 | D        | Noticed a daeva
  1848 | D        | Reached XP level 12. HP: 50/61 MP: 13/13
  1939 | D        | Killed a daeva
  2093 | D        | Noticed a fire giant
  2096 | D        | Noticed a fire giant
  2097 | D        | Noticed a fire giant
  2098 | D        | Noticed a fire giant
  2106 | D        | Killed a fire giant
  2108 | D        | Killed a fire giant
  2109 | D        | Killed a fire giant
  2109 | D        | Killed a fire giant
  2186 | D        | Found the +4 dragonskin cloak
  2186 | D        | Noticed Tiamat
  2492 | D        | Bought the ring "Tonaisen" {Fly rC+ rCorr} for 408 gold
                  | pieces
  2552 | D        | Noticed a deep elf annihilator
  2556 | D        | Killed a deep elf annihilator
  2557 | D        | Reached skill level 10 in Short Blades
  2644 | D        | Noticed a mummy priest
  2658 | D        | Noticed the 27-headed Lernaean hydra
  2666 | D        | Killed the 27-headed Lernaean hydra
  2666 | D        | Killed a mummy priest
  2702 | D        | Noticed a golden dragon
  2703 | D        | Noticed a shadow dragon
  2707 | D        | Found Fikijix's General Store.
  2711 | D        | Killed a shadow dragon
  2722 | D        | Killed a golden dragon
  2723 | D        | Reached XP level 13. HP: 35/70 MP: 14/14
  2820 | D        | Bought a scroll of identify for 26 gold pieces
  2820 | D        | Bought a scroll of identify for 26 gold pieces
  2988 | D        | Noticed a deep elf master archer
  2991 | D        | Killed a deep elf master archer
  2995 | D        | Identified the staff of cold "Itruytog" {rF- rC+ rN++ Str+2
                  | SInv}
  2996 | D        | Identified the ring "Coteef" {rPois rC- MP+9 Int+3}
  2998 | D        | Noticed Lom Lobon
  3160 | D        | Identified the +1 short sword "Cuwny" {flame, *Slow rElec
                  | rF+++ rCorr}
  3164 | D        | Identified the staff of earth "Gissiahoh" {rF+ rN+ Int-5
                  | Dex+3}
  3321 | D        | Bought 3 scrolls of identify for 222 gold pieces
  3321 | D        | Bought a wand of digging (4) for 621 gold pieces
  3321 | D        | Bought a wand of mindburst (8) for 414 gold pieces
  3350 | D        | Bought a scroll of blinking for 105 gold pieces
  3350 | D        | Bought a scroll of identify for 28 gold pieces
  3350 | D        | Bought a scroll of identify for 28 gold pieces
  3350 | D        | Bought a scroll of identify for 28 gold pieces
  3350 | D        | Bought a scroll of identify for 28 gold pieces
  3406 | D        | Killed by an exploding ball lightning

Illustrated notes

Levels and vault maps discovered:
D:        dungeon_sprint_1 [red_sonja_temple_1, red_sonja_temple_small_1]

Skill      XL: |  1  2  3  4  5  6  7  8  9 10 11 12 13 |
---------------+----------------------------------------+-----
Dodging        | 4 6 8 11 12 13 15 17 19 21 | 21.6
Stealth        | 6 10 13 18 21 24 27 | 27.0
Evocations     | 5 7 9 12 13 15 17 21 24 25 | 25.0
Fighting       | 1 6 9 |  9.3
Short Blades   | 1 8 11 | 11.9

Action                     |  1- 3 |  4- 6 |  7- 9 | 10-12 | 13-15 || total
---------------------------+-------+-------+-------+-------+-------++-------
  Melee: Dagger            |     1 |     3 |    50 |   191 |     1 ||   246
         Punch             |       |       |       |     4 |       ||     4
         Short sword       |       |       |       |       |     1 ||     1
 Invoke: Call Merchant     |       |       |       |     4 |     2 ||     6
  Evoke: Wand              |     5 |     2 |       |    19 |     2 ||    28
         Lightning rod     |       |       |       |    23 |       ||    23
         Box of beasts     |       |       |       |     9 |       ||     9
         Phial of floods   |       |       |       |     4 |       ||     4
         Tin of tremorston |       |       |       |     4 |       ||     4
    Use: Scroll            |       |       |       |    11 |     6 ||    17
         Potion            |       |       |       |    19 |     2 ||    21
   Stab: Sleeping          |     1 |     3 |     6 |    32 |     2 ||    44
         Distracted        |       |       |       |     1 |       ||     1
         Invisible         |       |       |       |     1 |       ||     1
 Armour: Robe              |       |       |       |     3 |       ||     3
  Dodge: Dodged            |     1 |       |       |   228 |       ||   229
